 Dungeon Crawl Stone Soup version 0.23-a0-767-gdc19b93d68 (webtiles) character file.

29 Esekla the Skirmisher (level 3, -1/40 HPs)
             Began as an Octopode Wanderer on Jan 22, 2019.
             Slain by a jackal (2 damage)
             ... on level 2 of the Dungeon.
             The game lasted 00:04:56 (732 turns).

Esekla the Skirmisher (Octopode Wanderer)            Turns: 732, Time: 00:05:06

Health: -1/40      AC: 21    Str: 17    XL:     3   Next: 16%
Magic:  4/4        EV:  2    Int:  8    God:
Gold:   69         SH:  0    Dex:  9    Spells: 4/4 levels left

rFire    . . .     SeeInvis .   c - +0 dagger
rCold    . . .     Gourm    .   (no shield)
rNeg     + + +     Faith    .   (helmet currently unavailable)
rPois    +         Spirit   .   (no amulet)
rElec    .         Reflect  .   f - -3 ring of intelligence (curse)
rCorr    .         Harm     .   l - +2 ring of slaying
MR       .....     NoTele   +   (no ring)
Stlth    ++........             (no ring)
HPRegen  0.13/turn              (no ring)
MPRegen  0.09/turn              (no ring)
                                (no ring)
                                (no ring)

@: tree-form, hasted, very quick
A: almost no armour, stealthy swim, (amphibious), 8 rings, (constrict 8)
a: no special abilities


You were on level 2 of the Dungeon.
You were not hungry.
You were a tree.
You visited 1 branch of the dungeon, and saw 2 of its levels.

You collected 69 gold pieces.

Inventory:

Hand Weapons
 b - a +0 spear
 c - a +0 dagger (weapon)
Jewellery
 f - a cursed -3 ring of intelligence (left branch)
 l - a +2 ring of slaying (right branch)
Scrolls
 a - 3 scrolls of teleportation
 e - a scroll of noise {unknown}
 m - a scroll of remove curse {unknown}
Potions
 g - a potion of lignification
 h - a potion of haste
 i - a potion of heal wounds {unknown}
 j - a potion of ambrosia {unknown}
 k - a potion of magic {unknown}
Comestibles
 d - 5 rations


   Skills:
 + Level 4.5 Fighting
 * Level 0.7 Short Blades
 * Level 1.6 Dodging
 + Level 2.8 Stealth
 + Level 1.0 Spellcasting
   Level 2.0 Translocations


You had 4 spell levels left.
You didn't know any spells.
Your spell library was empty.

Dungeon Overview and Level Annotations

Branches:
Dungeon (2/15)

Altars:


Innate Abilities, Weirdness & Mutations

You cannot wear most types of armour.
You are very stealthy in the water. (Stealth+)
((You are amphibious.))
You can wear up to eight rings at the same time.
((You can use your tentacles to constrict eight enemies at once.))
((Your skin changes colour to match your surroundings (Stealth+).))
((Your rubbery body absorbs attacks. (AC +1, EV +1)))


Message History

You hit the jackal.
The jackal is lightly wounded.
The jackal bites you but does no damage.
You barely miss the jackal.
The jackal is lightly wounded.
The jackal bites you but does no damage. x2
You barely miss the jackal.
The jackal is lightly wounded.
The jackal bites you but does no damage.
You barely miss the jackal.
The jackal is lightly wounded.
The jackal bites you.
* * * LOW HITPOINT WARNING * * *
It was a potion of haste.
You feel yourself speed up.
* * * LOW HITPOINT WARNING * * *
You feel sick.
You are no longer poisoned.
The jackal bites you but does no damage.
The jackal bites you.
You die...

... ##†...### ....
#.......## .
....####.....#..#..
.............##...#
.................#
.........w....#.##
..............#.##
..#.....<....##..# #
#..........# #♣# .#
#.#........###h#...##
...#...........w...!...
## #.................##
#...................
#.#...#.........####
#.#...##.>.....## ##..
........# .. .........#


You could see a dart slug and a jackal.

Vanquished Creatures
  An adder (D:2)
  A worm (D:2)
  6 bats (D:1)
  A goblin (D:1)
  A hobgoblin (D:2)
  2 jackals (D:2)
  A frilled lizard (D:2)
  2 kobolds
  3 rats
18 creatures vanquished.

Notes
Turn   | Place    | Note
-------+----------+-------------------------------------------
     0 | D:1      | Esekla the Octopode Wanderer began the quest for the Orb.
     0 | D:1      | Esekla set off with the following items: a scroll of
                  | teleportation, a +0 spear, a +0 dagger, a ration
     0 | D:1      | Reached XP level 1. HP: 17/17 MP: 2/2
   268 | D:1      | Reached XP level 2. HP: 21/22 MP: 3/3
   727 | D:2      | Reached XP level 3. HP: 5/27 MP: 4/4
   731 | D:2      | HP: 2/40 [jackal (2)]
   732 | D:2      | Slain by a jackal

Vault maps used:
D:1:      sevenhm_arrival_forest_fort_large_1, amethyst_killhole,
          minmay_misc_feat_square
D:2:      old_standard_altar, zin_purify, uniq_sigmund

Action                   || total
-------------------------++-------
Melee: Dagger            ||    47
       Constrict         ||     7
       Tentacles         ||     5
  Use: Potion            ||     2
 Stab: Sleeping          ||     3
Armor: Skin              ||    17
Dodge: Dodged            ||    24

Table legend:
 A = Non-vault XP
 B = Vault XP
 C = Vault XP percentage of total XP
 D = Non-vault monster count
 E = Vault monster count
 F = Vault count percentage of total count
                 A         B        C        D         E       F
            +---------+---------+-------+---------+---------+-------
      Total |      38 |       4 |   9.5 |      15 |       3 |  16.7
            +---------+---------+-------+---------+---------+-------
        D:1 |      10 |       4 |  28.6 |       7 |       3 |  30.0
        D:2 |      28 |       0 |   0.0 |       8 |       0 |   0.0
            +---------+---------+-------+---------+---------+-------
